 Dungeon Crawl Stone Soup version 0.23.2-40-g277498a001 (webtiles) character file.

Game seed: 1200027886577492004

4489 Curus the Spear-Bearer (level 10, -9/80 HPs)
             Began as a Merfolk Gladiator on Oct 4, 2019.
             Was a Believer of Makhleb.
             Mangled by Gastronok (35 damage)
             ... on level 1 of the Lair of Beasts.
             The game lasted 00:41:43 (5822 turns).

Curus the Spear-Bearer (Merfolk Gladiator)          Turns: 5822, Time: 00:41:44

Health: -9/80      AC: 12    Str: 19    XL:     10   Next: 38%
Magic:  11/11      EV: 20    Int:  8    God:    Makhleb [**....]
Gold:   387        SH:  0    Dex: 19    Spells: 9/9 levels left

rFire    . . .     SeeInvis .   a - +1 trident
rCold    . . .     Gourm    .   (no shield)
rNeg     . . .     Faith    .   A - +0 leather armour {MR+}
rPois    .         Spirit   .   c - +1 helmet
rElec    .         Reflect  .   v - +1 cloak
rCorr    .         Harm     .   j - +2 pair of gloves
MR       +....                  i - +1 pair of boots
Stlth    +.........             e - amulet of regeneration
HPRegen  0.63/turn              (no ring)
MPRegen  0.12/turn              (no ring)

@: mighty, slowed, very slow
A: change form in water, swift swim, stealthy swim
a: Minor Destruction, Renounce Religion


You were on level 1 of the Lair of Beasts.
You worshipped Makhleb.
Makhleb was pleased with you.
You were not hungry.

You visited 3 branches of the dungeon, and saw 10 of its levels.

You collected 387 gold pieces.

Inventory:

Hand Weapons
 a - a +1 trident (weapon)
Missiles
 d - 3 throwing nets (quivered)
Armour
 b - a +0 leather armour
 c - a +1 helmet (worn)
 i - a +1 pair of boots (worn)
 j - a +2 pair of gloves (worn)
 o - a +0 cloak
 v - a +1 cloak (worn)
 A - a +0 leather armour of magic resistance (worn)
Jewellery
 e - an amulet of regeneration (around neck)
 q - the ring "Qoafuru" {+Fly rN++ Str+2 Int+4 Dex-4}
   (You found it on level 5 of the Dungeon)

   [ring of flight]

   It affects your strength (+2).
   It affects your intelligence (+4).
   It affects your dexterity (-4).
   It greatly protects you from negative energy.
   It lets you fly.
 y - an uncursed ring of attention
Wands
 t - a wand of enslavement (2)
 z - a wand of iceblast (21)
Scrolls
 h - 11 scrolls of identify
 k - 3 scrolls of teleportation
 l - 3 scrolls of magic mapping
 m - 6 scrolls of remove curse
 s - a scroll of fog
Potions
 g - 2 potions of degeneration
 n - 2 potions of flight
 p - 5 potions of curing
 r - 2 potions of might
 u - 2 potions of agility
 x - a potion of magic
Comestibles
 f - 14 rations


   Skills:
 - Level 8.0 Fighting
 - Level 14.9 Polearms
 - Level 2.0 Throwing
 - Level 10.0 Dodging
 + Level 2.6 Invocations


You had 9 spell levels left.
You didn't know any spells.
Your spell library contained the following spells:

 Spells                   Type           Power        Failure   Level  Hunger
 Animate Skeleton         Necr           N/A          45%         1    ##.....
 Confusing Touch          Hex            #.....       45%         1    ##.....
 Magic Dart               Conj           #...         45%         1    ##.....
 Pain                     Necr           #...         45%         1    ##.....
 Blink                    Tloc           N/A          61%         2    ###....
 Call Imp                 Summ           #.......     61%         2    ###....
 Slow                     Hex            #.......     61%         2    ###....
 Confuse                  Hex            #.......     83%         3    ####...
 Conjure Flame            Conj/Fire      #.......     83%         3    ####...
 Gell's Gravitas          Tloc           #.........   83%         3    ####...
 Mephitic Cloud           Conj/Pois/Air  #.......     83%         3    ####...
 Regeneration             Chrm/Necr      #.........   83%         3    ####...
 Vampiric Draining        Necr           #.........   83%         3    ####...
 Animate Dead             Necr           N/A          99%         4    #####..
 Petrify                  Tmut/Erth      #.......     99%         4    #####..
 Metabolic Englaciation   Hex/Ice        #.........   100%        5    ######.
 Yara's Violent Unravell  Hex/Tmut       #.........   100%        5    ######.


Dungeon Overview and Level Annotations

Branches:
Dungeon (8/15)             Temple (1/1) D:5            Lair (1/6) D:8

Altars:
Cheibriados
Elyvilon
Gozag
Makhleb
Nemelex Xobeh
Sif Muna
Yredelemnul
Zin

Shops:
D:4 :   D:6 :

Annotations:
Lair:1 Gastronok


Message History

Gastronok closely misses you.
You hit Gastronok.
Gastronok is heavily wounded.
You puncture Gastronok!
Gastronok is heavily wounded.
Gastronok bites you!
* * * LOW HITPOINT WARNING * * *
You puncture Gastronok!
Gastronok is heavily wounded.
You puncture Gastronok!
Gastronok is severely wounded.
You puncture Gastronok!
Gastronok is severely wounded.
Gastronok chants a spell, wobbling all the while.
You puncture Gastronok!
Gastronok is severely wounded.
You puncture Gastronok!
Gastronok is almost dead.
The bat barely misses you. Gastronok bites you!!
You die...

..................#....
#.....#.........#....
#.........)......P#. .
###.[#P#.....P.....# .^
###.####...........
..P###...P............##
......................#
....#....##.......[...#
....b..@..........##...
#......w#.......## P...#
............####
....###....... ....
.......## P.. ..##...#
#. ..# #### ...#


You could see Gastronok and a bat.

Vanquished Creatures
  Pikel (D:6)
  2 ugly things (D:7)
  Grinder (D:6)
  Sigmund (D:6)
  A water moccasin (D:7)
  2 porcupines (Lair:1)
  A sky beast (D:8)
  An orc warrior (D:7)
  An ice beast (D:5)
  2 phantoms
  An ogre (D:7)
  A necrophage (D:7)
  2 big kobolds
  The ghost of redmage the Caller, an amateur DESu (D:4)
  7 bullfrogs
  A scorpion (D:4)
  A killer bee (D:7)
  A wight (D:6)
  A howler monkey (D:4)
  6 crimson imps
  A centaur zombie (D:7)
  2 bullfrog zombies (D:7)
  A jelly (D:7)
  3 centaur skeletons
  6 orc priests
  7 hounds
  A gnoll shaman (D:4)
  An iguana (D:5)
  A worker ant (D:8)
  5 orc wizards
  A hound zombie (D:5)
  A gnoll (D:1)
  13 adders
  2 shadow imps
  2 oozes
  2 adder skeletons
  6 worms
  A dart slug (D:2)
  4 leopard geckos
  30 orcs
  6 giant cockroaches
  3 goblins
  2 hobgoblins
  9 jackals
  19 kobolds
  5 quokkas
  6 bats
  5 frilled lizards
  2 jackal skeletons
  2 quokka skeletons
  3 rats
187 creatures vanquished.

Vanquished Creatures (others)
  A slave (D:6)
  A hound (D:6)
  An adder (D:6)
  2 fungi (D:4)
  2 plants (D:4)
7 creatures vanquished.

Grand Total: 194 creatures vanquished

Notes
Turn   | Place    | Note
-------+----------+-------------------------------------------
     0 | D:1      | Curus the Merfolk Gladiator began the quest for the Orb.
     0 | D:1      | Reached XP level 1. HP: 16/16 MP: 1/1
    76 | D:1      | Reached skill level 5 in Polearms
    76 | D:1      | Reached XP level 2. HP: 13/22 MP: 2/2
   389 | D:2      | Reached skill level 6 in Polearms
   389 | D:2      | Reached XP level 3. HP: 19/27 MP: 3/3
   539 | D:2      | Reached skill level 7 in Polearms
   539 | D:2      | Reached XP level 4. HP: 31/33 MP: 4/4
   909 | D:2      | Found a sparkling altar of Nemelex Xobeh.
   909 | D:2      | Found a snail-covered altar of Cheibriados.
  1062 | D:3      | Reached skill level 8 in Polearms
  1062 | D:3      | Reached XP level 5. HP: 38/38 MP: 5/5
  1906 | D:4      | Reached skill level 9 in Polearms
  1906 | D:4      | Reached XP level 6. HP: 44/44 MP: 6/6
  1914 | D:4      | Noticed a phantom
  1939 | D:4      | Killed a phantom
  1939 | D:4      | Reached skill level 10 in Polearms
  1970 | D:4      | Found a runed translucent gate.
  1971 | D:4      | Found a runed translucent gate.
  1971 | D:4      | Noticed redmage's ghost (amateur DESu)
  1972 | D:4      | Found a runed translucent gate.
  1972 | D:4      | Identified the cursed +1 short sword of Manatent {chaos,
                  | *Corrode +Inv rF+ Int+4}
  2009 | D:4      | Found Ajuficza's Book Shoppe.
  2255 | D:4      | Reached XP level 7. HP: 50/50 MP: 7/7
  2348 | D:4      | Reached skill level 11 in Polearms
  2711 | D:5      | Entered Level 5 of the Dungeon
  2752 | D:5      | Found a white marble altar of Elyvilon.
  2859 | D:5      | Found a deep blue altar of Sif Muna.
  2957 | D:5      | Reached skill level 12 in Polearms
  2984 | D:5      | Got a crude ivory ring
  2985 | D:5      | Identified the ring "Qoafuru" {+Fly rN++ Str+2 Int+4 Dex-4}
                  | (You found it on level 5 of the Dungeon)
  3097 | D:5      | Found a staircase to the Ecumenical Temple.
  3103 | Temple   | Entered the Ecumenical Temple
  3113 | Temple   | Became a worshipper of Makhleb the Destroyer
  3179 | D:5      | Found a basalt altar of Yredelemnul.
  3327 | D:4      | Killed redmage's ghost
  3327 | D:4      | Reached XP level 8. HP: 55/56 MP: 8/8
  3339 | D:4      | Reached skill level 13 in Polearms
  3569 | D:6      | Noticed Pikel
  3593 | D:6      | Killed Pikel
  3593 | D:6      | Reached skill level 14 in Polearms
  3673 | D:6      | Noticed Sigmund
  3696 | D:6      | Killed Sigmund
  3696 | D:6      | Reached skill level 5 in Dodging
  3696 | D:6      | Reached XP level 9. HP: 64/64 MP: 9/9
  3881 | D:6      | Reached * piety under Makhleb
  4029 | D:6      | Found an opulent altar of Gozag.
  4120 | D:6      | Found a glowing silver altar of Zin.
  4247 | D:6      | Noticed Grinder
  4255 | D:6      | Killed Grinder
  4292 | D:6      | Found Iggu's Book Shop.
  4562 | D:7      | Noticed a brown ugly thing
  4569 | D:7      | Noticed a cyan ugly thing
  4576 | D:7      | Killed a brown ugly thing
  4576 | D:7      | Reached skill level 5 in Fighting
  4598 | D:7      | Killed a cyan ugly thing
  4756 | D:7      | Reached XP level 10. HP: 79/79 MP: 10/10
  4854 | D:7      | Reached ** piety under Makhleb
  5664 | D:8      | Reached skill level 10 in Dodging
  5728 | D:8      | Found a staircase to the Lair.
  5746 | Lair:1   | Entered Level 1 of the Lair of Beasts
  5747 | Lair:1   | Reached skill level 1 in Invocations
  5795 | Lair:1   | Noticed Gastronok
  5822 | Lair:1   | Mangled by Gastronok

Skill      XL: |  1  2  3  4  5  6  7  8  9 10 |
---------------+-------------------------------+-----
Polearms       | 5 6 7 8 9 10 12 14 | 14.9
Fighting       | 3 7 8 |  8.0
Dodging        | 5 8 10 | 10.0
Invocations    | 2 |  2.6
Throwing       | |  2.0

Action                   |  1- 3 |  4- 6 |  7- 9 | 10-12 || total
-------------------------+-------+-------+-------+-------++-------
Melee: Trident           |    85 |   250 |   439 |   248 ||  1022
Invok: Minor Destruction |       |       |       |     3 ||     3
  Use: Scroll            |     3 |     4 |     2 |     2 ||    11
       Potion            |     1 |     9 |     4 |     2 ||    16
 Stab: Sleeping          |       |     4 |     3 |     1 ||     8
       Distracted        |       |       |       |     1 ||     1
  Eat: Chunk             |       |     5 |     4 |     4 ||    13
       Ration            |       |       |     1 |       ||     1
Armor: Leather armour    |    20 |    52 |   118 |    32 ||   222
       Skin              |       |     6 |       |       ||     6
Dodge: Dodged            |    45 |   106 |   218 |   145 ||   514
